 Dungeon Crawl Stone Soup version 0.30-a0-702-gdf48620a09 (webtiles) character file.

Game seed: 17751609368424222781

14641 jfcaron the Geomancer (level 12, -4/100 HPs)
             Began as a Meteoran Earth Elementalist on Jan 22, 2023.
             Was an Initiate of Gozag.
             Slain by a starcursed mass (11 damage)
             ... on level 2 of the Abyss.
             The game lasted 00:46:44 (4495 turns).

jfcaron the Geomancer (Meteoran Earth Elementalist) Turns: 4495, Time: 00:46:45

Health: -4/100     AC:  8    Str: 10    XL:     12   Next: 82%
Magic:  8/29       EV: 14    Int: 33    God:    Gozag
Gold:   353        SH:  6    Dex: 15    Spells: 2/21 levels left

rFire   + . .      SeeInvis .    i - +8 dagger "Huummioh" {freeze, Int+5}
rCold   . . .      Faith    .    h - +0 buckler
rNeg    . . .      Spirit   .    J - +2 robe {rF+}
rPois   .          Reflect  .    Q - +0 helmet
rElec   .          Harm     .    c - +0 cloak
rCorr   .          Rampage  .    d - +0 pair of gloves
Will    +....                    (no boots)
Stlth   +                        (no amulet)
HPRegen 0.00/turn                B - +6 ring of intelligence
MPRegen 0.21/turn                n - ring of magical power

@: mighty, brilliant, gold aura, sick, glowing
A: sense surroundings 2, otherworldly, glowing, explore regen
a: Renounce Religion, Potion Petition, Call Merchant, Bribe Branch


You were on level 2 of the Abyss.
You worshipped Gozag.
Gozag was aware of your devotion.
You visited 1 branch of the dungeon, and saw 10 of its levels.
You visited the Abyss 1 time.

You collected 1874 gold pieces.
You spent 572 gold pieces at shops.
You paid 949 gold pieces to Gozag.

Inventory:

Hand Weapons
 i - the +8 dagger "Huummioh" (weapon) {freeze, Int+5}
   (You found it on level 2 of the Dungeon)

   Int:       It affects your intelligence (+5).
 j - a +1 rapier
 u - a +0 whip of electrocution
   (You took it off a gnoll bouda on level 5 of the Dungeon)
 I - a +3 scimitar of flaming
   (You took it off Erica on level 8 of the Dungeon)
 U - a +0 broad axe of draining
   (You found it on level 10 of the Dungeon)
Missiles
 o - 6 poisoned darts
 r - 4 throwing nets {!f}
 M - a curare-tipped dart {!f}
Armour
 a - a +0 robe
 c - a +0 cloak (worn)
 d - a +0 pair of gloves (worn)
 h - a +0 buckler (worn)
 p - a +0 robe of resistance
   (You took it off an orc wizard on level 4 of the Dungeon)
 x - a +3 leather armour
 J - a +2 robe of fire resistance (worn)
   (You took it off Erica on level 8 of the Dungeon)
 Q - a +0 helmet (worn)
 V - the +1 pair of gloves of Gluttony {-Tele Str+2 Int+3 Dex+5}
   (You found it on level 10 of the Dungeon)

   Str:       It affects your strength (+2).
   Int:       It affects your intelligence (+3).
   Dex:       It affects your dexterity (+5).
   -Tele:     It prevents most forms of teleportation.
Magical Staves
 y - a staff of earth
   (You found it on level 5 of the Dungeon)
 T - a staff of cold
   (You found it on level 10 of the Dungeon)
Jewellery
 n - a ring of magical power (right hand)
 t - a ring of protection from fire
   (You took it off a gnoll bouda on level 5 of the Dungeon)
 B - a +6 ring of intelligence (left hand)
   (You took it off an orc wizard on level 6 of the Dungeon)
 G - a ring of poison resistance
 L - a ring of ice
   (You found it on level 8 of the Dungeon)
 N - a ring of see invisible
 W - a +5 ring of evasion
   (You found it on level 10 of the Dungeon)
Wands
 E - a wand of paralysis (5)
 F - a wand of polymorph (6)
 O - a wand of flame (2)
 P - a wand of acid (1)
Scrolls
 m - a scroll of enchant weapon
 A - 3 scrolls of magic mapping
 H - 2 scrolls of noise
 K - a scroll of immolation
Potions
 b - 2 potions of magic
 e - 3 potions of ambrosia
 f - 6 potions of curing
 g - 2 potions of haste
 k - 4 potions of mutation
 l - 2 potions of flight
 q - a potion of berserk rage
 s - 2 potions of cancellation
 v - 3 potions of attraction
 w - a potion of lignification
 z - 3 potions of resistance
 C - 2 potions of degeneration
 D - a potion of might


   Skills:
 - Level 7.0 Fighting
 - Level 5.0 Short Blades
 - Level 4.4 Armour
 - Level 5.0 Dodging
 - Level 3.0 Stealth
 - Level 7.0 Shields
 - Level 5.0 Spellcasting
 + Level 11.9 Conjurations
 - Level 2.0 Transmutations
 + Level 12.9 Earth Magic
 - Level 5.0 Evocations


You had 2 spell levels left.
You knew the following spells:

 Your Spells              Type           Power      Damage    Failure   Level
a - Sandblast             Erth           100%       2d20      1%          1
b - Passwall              Tmut/Erth      60%        N/A       1%          2
c - Stone Arrow           Conj/Erth      100%       3d13      1%          3
d - Petrify               Tmut/Erth      72%        N/A       2%          4
e - Iron Shot             Conj/Erth      47%        9d9       5%          6
f - Hailstorm             Conj/Ice       63%        3d13      1%          3

Your spell library contained the following spells:

 Spells                   Type           Power      Damage    Failure   Level
 Foxfire                  Conj/Fire      100%       2x1d9     1%          1
 Shock                    Conj/Air       100%       1d9       1%          1
 Static Discharge         Conj/Air       100%       2-7/arc   1%          2
 Slow                     Hex            48%        N/A       6%          1
 Summon Small Mammal      Summ           48%        N/A       6%          1
 Ensorcelled Hibernation  Hex/Ice        24%        N/A       9%          2
 Fulminant Prism          Conj/Hex       31%        3d16      5%          4
 Arcjolt                  Conj/Air       31%        1d41      14%         5
 Lightning Bolt           Conj/Air       31%        1d48      14%         5
 Call Canine Familiar     Summ           12%        N/A       19%         3
 Confusing Touch          Hex            12%        N/A       19%         3
 Summon Guardian Golem    Hex/Summ       12%        N/A       19%         3
 Swiftness                Air            12%        N/A       19%         3
 Teleport Other           Tloc           12%        N/A       19%         3
 Vampiric Draining        Necr           12%        2d6       19%         3
 Vhi's Electric Charge    Tloc/Air       24%        N/A       19%         3
 Orb of Destruction       Conj           46%        9d12      36%         7
 Passage of Golubria      Tloc           12%        N/A       52%         4
 Malign Gateway           Summ/Tloc      6%         N/A       100%        7


Dungeon Overview and Level Annotations

Branches:
Dungeon (10/15) Zot: 1572  Temple (0/1) D:7            Lair (0/5) D:8
    Orc (0/2) D:10

Altars:
Dithmenos
Gozag
Hepliaklqana
Sif Muna
Trog
Wu Jian
Xom

Shops:
D:2 :   D:7 !   D:8 [


Innate Abilities, Weirdness & Mutations

You passively map the area around you.
You are easily found by Zot.
You glow in the dark.
You regain HP and MP as you explore.


Message History

Unknown command.
Unknown command.
Okay, then.
Unknown command.
Casting: Stone Arrow (safe; 1% risk of failure)
Confirm with . or Enter, or press ? or * to list all spells.
Casting: Hailstorm (safe; 1% risk of failure)
Press: ? - help, Dir - look around, f - activate You feel a surge of power!
A cannonade of hail descends around you!
The hail pelts the large abomination!!
The large abomination is almost destroyed.
The hail pelts the starcursed mass!!
You destroy the starcursed mass!
The hail pelts the starcursed mass!!
You destroy the starcursed mass!
The hail pelts the starcursed mass!
The starcursed mass is severely damaged.
The starcursed mass shudders and is absorbed by its neighbour.
You block the small abomination's attack.
You block the starcursed mass's attack.
Casting: Hailstorm (safe; 1% risk of failure)
Confirm with . or Enter, or press ? or * to list all spells.
Aiming: Stone Arrow (safe; 1% risk of failure)
Press: ? - help, Shift-Dir - straight line, f - small abomination
Aim: a small abomination (moderately damaged, 78% to hit)
Okay, then.
Casting: Stone Arrow (safe; 1% risk of failure)
Confirm with . or Enter, or press ? or * to list all spells.
Aiming: Iron Shot (dangerous; 5% risk of failure)
Press: ? - help, Shift-Dir - straight line, f - small abomination
Aim: a small abomination (moderately damaged, 78% to hit)
You feel a surge of power!
The iron shot misses the small abomination.
The iron shot hits the large abomination!!
You destroy the large abomination!
The small abomination closely misses you.
The starcursed mass touches you!
You die...
Your body crumbles into a pile of gold.

. . . #.##
..#.### ###
#X#.X.###.###
...#..#$$X.#
#.# #.#$x@#
#X.#...### #.
. #.#.## #..
.##.#..# .#
##..## #.
#..# #.ยง
#... .. . #.
#.. ##.##


You could see a starcursed mass and a small abomination.

Vanquished Creatures
  Harold (D:9)
  Erica (D:8)
  A spriggan zombie (Abyss:2)
  A hydra (D:10)
  A two-headed ogre (D:10)
  A boulder beetle (D:10)
  A thrashing horror (Abyss:2)
  A wizard (D:10)
  An orc knight (D:10)
  A deep elf pyromancer (D:10)
  2 cyclopes
  A manticore (D:10)
  An unseen horror (shapeshifter) (D:9)
  An ancient zyme (Abyss:2)
  A freezing wraith (D:10)
  A tengu conjurer (D:10)
  A kobold demonologist (D:10)
  A flying skull (Abyss:2)
  A shadow (D:10)
  4 wraiths
  2 yaks (D:10)
  A vampire (D:10)
  5 steam dragons
  2 large abominations (Abyss:2)
  Eustachio (D:6)
  A vampire mosquito (D:10)
  Menkaure (D:7)
  2 small abominations (Abyss:2)
  2 water moccasins
  3 acid dragons (D:10)
  An ice beast (D:6)
  2 ogres
  3 orc warriors
  A sky beast (D:5)
  A black bear (D:6)
  4 centaurs
  A phantom (D:5)
  A kobold brigand (D:9)
  3 bullfrogs (D:8)
  2 necrophages
  2 scorpions
  3 killer bees
  2 howler monkeys (D:10)
  6 crimson imps (D:9)
  2 jellies
  10 orc priests
  Crazy Yiuf (D:3)
  A gnoll bouda (D:5)
  2 hounds
  6 starcursed masses (Abyss:2)
  3 iguanas
  11 orc wizards
  11 gnolls
  10 adders
  A shadow imp (D:9)
  5 white imps
  3 ufetubi
  A worm (D:2)
  5 dart slugs
  26 orcs
  4 ball pythons
  8 endoplasms
  2 giant cockroaches
  4 goblins
  8 hobgoblins
  10 jackals
  4 quokkas
  5 bats
  6 frilled lizards
  12 kobolds
  2 rats
  3 fungi (D:3)
  8 plants (D:10)
250 creatures vanquished.

Notes
Turn   | Place    | Note
-------+----------+-------------------------------------------
     0 | D:1      | jfcaron the Meteoran Earth Elementalist began the quest for
                  | the Orb.
     0 | D:1      | Reached XP level 1. HP: 14/14 MP: 5/5
    87 | D:1      | Reached XP level 2. HP: 20/20 MP: 3/6
   114 | D:1      | HP: 3/20 [jackal (3)]
   132 | D:1      | Learned a level 2 spell: Passwall
   166 | D:1      | Reached XP level 3. HP: 26/26 MP: 5/8
   171 | D:1      | Learned a level 3 spell: Stone Arrow
   386 | D:2      | Identified the +8 dagger "Huummioh" {freeze, Int+5}
   445 | D:2      | Reached skill level 1 in Conjurations
   488 | D:2      | Reached XP level 4. HP: 33/33 MP: 7/9
   578 | D:2      | Found Zoluqaecw's Book Emporium.
   605 | D:2      | Reached skill level 4 in Earth Magic
   695 | D:2      | Reached skill level 1 in Shields
   838 | D:3      | Reached XP level 5. HP: 36/38 MP: 7/10
   913 | D:3      | Found a runed translucent door.
   914 | D:3      | Noticed Crazy Yiuf
   920 | D:3      | Killed Crazy Yiuf
   921 | D:3      | Reached XP level 6. HP: 19/45 MP: 7/11
  1017 | D:3      | Found an opulent altar of Gozag.
  1025 | D:3      | Became a worshipper of Gozag Ym Sagoz the Greedy
  1164 | D:3      | Found an ornate altar of the Wu Jian Council.
  1283 | D:4      | Noticed an ogre
  1289 | D:4      | Killed an ogre
  1290 | D:4      | Reached XP level 7. HP: 44/50 MP: 6/12
  1298 | D:4      | Found a hazy altar of Hepliaklqana.
  1420 | D:4      | Learned a level 4 spell: Petrify
  1424 | D:4      | Found a bloodstained altar of Trog.
  1567 | D:4      | Reached skill level 5 in Earth Magic
  1678 | D:4      | Reached skill level 5 in Conjurations
  1754 | D:4      | Reached skill level 5 in Shields
  1754 | D:4      | Reached XP level 8. HP: 57/57 MP: 13/13
  1919 | D:5      | Entered Level 5 of the Dungeon
  2079 | D:5      | Reached skill level 6 in Earth Magic
  2235 | D:5      | You fall into a shaft and drop 1 floor!
  2246 | D:6      | Reached skill level 7 in Earth Magic
  2266 | D:6      | Reached skill level 1 in Fighting
  2300 | D:6      | Noticed Eustachio
  2309 | D:6      | Killed Eustachio
  2310 | D:6      | Gained mutation: You passively map the area around you.
                  | [Meteoran growth]
  2310 | D:6      | Reached XP level 9. HP: 67/67 MP: 14/14
  2331 | D:6      | Noticed a cyclops
  2431 | D:5      | Reached skill level 5 in Dodging
  2548 | D:6      | Killed a cyclops
  2549 | D:6      | Reached skill level 8 in Earth Magic
  2638 | D:6      | Reached XP level 10. HP: 80/80 MP: 15/15
  2730 | D:7      | Found Apejy's Distillery.
  2733 | D:7      | Bought a potion of resistance for 110 gold pieces
  2733 | D:7      | Bought a potion of degeneration for 11 gold pieces
  2733 | D:7      | Bought a potion of mutation for 88 gold pieces
  2733 | D:7      | Bought a potion of attraction for 33 gold pieces
  2733 | D:7      | Bought a potion of cancellation for 88 gold pieces
  2733 | D:7      | Bought a potion of curing for 33 gold pieces
  2733 | D:7      | Bought a potion of curing for 33 gold pieces
  2733 | D:7      | Bought 2 potions of magic for 176 gold pieces
  2807 | D:7      | Noticed Menkaure
  2809 | D:7      | Killed Menkaure
  2810 | D:7      | Reached skill level 5 in Fighting
  2810 | D:7      | Reached skill level 9 in Earth Magic
  2836 | D:7      | Found a shimmering altar of Xom.
  2836 | D:7      | Found a shimmering altar of Xom.
  2845 | D:7      | Found a shimmering altar of Xom.
  2845 | D:7      | Found a shimmering altar of Xom.
  2845 | D:7      | Found a shimmering altar of Xom.
  2845 | D:7      | Found a shimmering altar of Xom.
  2846 | D:7      | Found a shimmering altar of Xom.
  2868 | D:7      | Reached skill level 10 in Earth Magic
  2890 | D:7      | Reached skill level 1 in Short Blades
  2890 | D:7      | Reached skill level 1 in Evocations
  2928 | D:7      | Found a staircase to the Ecumenical Temple.
  2991 | D:8      | Found a shimmering blue altar of Sif Muna.
  3033 | D:8      | Found a shadowy altar of Dithmenos.
  3052 | D:8      | Noticed Erica
  3058 | D:8      | Killed Erica
  3079 | D:8      | Found Fuymocs's Antique Armour Boutique.
  3170 | D:8      | Found a staircase to the Lair.
  3386 | D:9      | Noticed an unseen horror
  3389 | D:9      | Killed an unseen horror
  3390 | D:9      | Reached skill level 5 in Short Blades
  3390 | D:9      | Reached skill level 5 in Evocations
  3583 | D:9      | Reached XP level 11. HP: 53/86 MP: 15/16
  3803 | D:9      | Noticed Harold
  3811 | D:9      | Killed Harold
  3812 | D:9      | jfcaron: !AC 5
  3812 | D:9      | beem: 4.4 armour skill per 1 AC for 5 base AC
  3853 | D:10     | Entered Level 10 of the Dungeon
  3896 | D:10     | Identified a scroll of acquirement
  3896 | D:10     | Acquired the Omnibus of Transposed Assaults
  3905 | D:10     | Learned a level 6 spell: Iron Shot
  3949 | D:10     | Found a staircase to the Orcish Mines.
  4061 | D:10     | Noticed a wizard
  4063 | D:10     | Noticed a manticore
  4065 | D:10     | Noticed a boulder beetle
  4068 | D:10     | Killed a wizard
  4073 | D:10     | Killed a manticore
  4082 | D:10     | Killed a boulder beetle
  4083 | D:10     | Reached skill level 5 in Spellcasting
  4094 | D:10     | Identified the +1 pair of gloves of Gluttony {-Tele Str+2
                  | Int+3 Dex+5}
  4105 | D:10     | Got the Volume of Doom
  4147 | D:10     | Noticed a two-headed ogre
  4153 | D:10     | Killed a two-headed ogre
  4205 | D:10     | Reached XP level 12. HP: 97/97 MP: 20/20
  4232 | D:10     | Reached skill level 11 in Earth Magic
  4258 | D:10     | Noticed a seven-headed hydra
  4263 | D:10     | Killed a seven-headed hydra
  4264 | D:10     | Reached skill level 10 in Conjurations
  4280 | D:10     | Noticed a deep elf pyromancer
  4282 | D:10     | Noticed an orc knight
  4287 | D:10     | Killed a deep elf pyromancer
  4289 | D:10     | HP: 19/100 [orc knight/bolt (14)]
  4298 | D:10     | HP: 11/100 [gnoll sergeant/+4 trident of protection (16)]
  4300 | D:10     | HP: 1/100 [orc knight/bolt (16)]
  4309 | D:10     | Killed an orc knight
  4313 | D:10     | Reached skill level 12 in Earth Magic
  4313 | D:10     | Noticed a wizard
  4316 | Abyss:2  | Cast into level 2 of the Abyss (a wizard)
  4333 | Abyss:2  | Found a corrupted altar of Lugonu.
  4338 | Abyss:2  | Learned a level 3 spell: Hailstorm
  4356 | Abyss:2  | Found a corrupted altar of Lugonu.
  4364 | Abyss:2  | Noticed a starcursed mass
  4382 | Abyss:2  | Killed a starcursed mass
  4385 | Abyss:2  | Killed a starcursed mass
  4385 | Abyss:2  | Killed a starcursed mass
  4412 | Abyss:2  | Noticed a thrashing horror
  4416 | Abyss:2  | Killed a thrashing horror
  4455 | Abyss:2  | Noticed a starcursed mass
  4486 | Abyss:2  | HP: 14/100 [spriggan defender zombie (9)]
  4492 | Abyss:2  | HP: 12/100 [small abomination (17)]
  4495 | Abyss:2  | Slain by a starcursed mass

Illustrated notes

Levels and vault maps discovered:
D:1:      elethiomel_arrival_maze, layout_loops_ring
D:2:      layout_loops_corners, serial_shops, shop
D:3:      layout_loops_corners, grunt_gozag_statues,
          pdpol_wu_jian_five_deadly_venoms, minmay_ruptured,
          uniq_crazy_yiuf_cottage
D:4:      layout_gridville, trog_three_pillars_becter, amcnicky_altar_gilded,
          hex_tiny, hangedman_feature_mirror, kennysheep_generic_room_2
D:5:      layout_loops_cross
D:6:      layout_rooms, grunt_potential, uniq_eustachio
D:7:      layout_loops_ring, cheibrodos_ashenzari_chains, xom_redecorated,
          lemuel_temple_firewalk_a, serial_shops,
          nicolae_shop_competitors_out_of_business, uniq_menkaure
D:8:      layout_cave_pods, kennysheep_little_box,
          nicolae_sif_muna_condensation, lair_entry_dummy, serial_shops,
          nicolae_take_the_stairs, hangedman_decor_clover_reticule, uniq_erica
D:9:      wad_pebble_path, layout_cave_pods, st_stairs_14, minmay_nine_imps,
          uniq_harold
D:10:     nzn_winding_woodlands_large [nzn_winding_woodlands_5x5_three,
          nzn_winding_woodlands_5x15_pockets, nzn_winding_woodlands_5x5_default,
          nzn_winding_woodlands_center_triple_pond,
          nzn_winding_woodlands_15x15_thick_spiral,
          nzn_winding_woodlands_center_garden,
          nzn_winding_woodlands_5x5_checkerboard,
          nzn_winding_woodlands_5x15_parted,
          nzn_winding_woodlands_5x5_perimeter], layout_basic
Abyss:2:  base: D:1, guppyfry_abyss_exit_imp_island, lemuel_flamethrower_3

Skill      XL: |  1  2  3  4  5  6  7  8  9 10 11 12 |
---------------+-------------------------------------+-----
Spellcasting   | 3 5 |  5.0
Transmutations | 2 |  2.0
Conjurations   | 1 2 3 4 5 7 8 9 11 | 11.9
Dodging        | 3 4 5 |  5.0
Earth Magic    | 4 5 7 8 10 12 | 12.9
Shields        | 1 2 3 5 7 |  7.0
Stealth        | 2 3 |  3.0
Fighting       | 2 4 5 6 7 |  7.0
Short Blades   | 5 |  5.0
Evocations     | 5 |  5.0
Armour         | 4 |  4.4

Action                   |  1- 3 |  4- 6 |  7- 9 | 10-12 || total
-------------------------+-------+-------+-------+-------++-------
Melee: Unarmed           |    14 |       |       |       ||    14
       Dagger            |     9 |    20 |    26 |    35 ||    90
Throw: Dart              |       |       |     1 |     1 ||     2
 Cast: Sandblast         |    38 |    48 |    99 |    37 ||   222
       Stone Arrow       |       |       |    31 |   115 ||   146
       Petrify           |       |       |     3 |       ||     3
       Hailstorm         |       |       |       |    10 ||    10
       Iron Shot         |       |       |       |     8 ||     8
Invok: Potion Petition   |       |       |       |     3 ||     3
Evoke: Wand              |       |       |       |    23 ||    23
  Use: Scroll            |     2 |     3 |     4 |    10 ||    19
       Potion            |       |       |     1 |     3 ||     4
 Stab: Sleeping          |       |       |     1 |       ||     1
       Paralysed         |       |       |       |    11 ||    11
Armor: Robe              |    20 |    13 |    24 |    43 ||   100
Dodge: Dodged            |    21 |    25 |    42 |    64 ||   152
Block: Buckler           |       |     6 |    23 |    34 ||    63

Table legend: (Time is in decaauts)
 A = Elapsed time spent in this place.
 B = Non-inter-level travel time spent in this place.
 C = Inter-level travel time spent in this place.
 D = Time resting spent in this place.
 E = Time spent auto-exploring this place.
 F = Levels seen in this place.
 G = Mean time per level.
                   A        B        C        D        E       F      G
               +--------+--------+--------+--------+--------+-----+--------+
         Total |   4601 |   4338 |    263 |      2 |      0 |  11 |  418.3 |
       Dungeon |   4426 |   4163 |    263 |      2 |      0 |  10 |  442.6 |
         Abyss |    175 |    175 |      0 |      0 |      0 |   1 |  175.0 |
               +--------+--------+--------+--------+--------+-----+--------+

Top non-repeatable levels by time:
     D:4: 702 daAuts
     D:3: 598 daAuts
     D:9: 571 daAuts
    D:10: 455 daAuts
     D:2: 440 daAuts
     D:5: 381 daAuts
     D:6: 366 daAuts
     D:1: 335 daAuts
     D:8: 320 daAuts
     D:7: 255 daAuts
 Abyss:2: 175 daAuts

Table legend:
 A = Kills in this place as a percentage of kills in entire the game.
 B = Kills by you in this place as a percentage of kills by you in the entire game.
 C = Kills by friends in this place as a percentage of kills by friends in the entire game.
 D = Other kills in this place as a percentage of other kills in the entire game.
 E = Experience gained in this place as a percentage of experience gained in the entire game.
 F = Experience gained in this place divided by the number of levels of this place that you have seen.
                   A       B       C       D       E      F
               +-------+-------+-------+-------+-------+----------------------
         Total | 100.0 | 100.0 |   N/A |   N/A | 100.0 | 1922.4
       Dungeon |  93.7 |  93.7 |   N/A |   N/A |  81.9 | 1731.1
         Abyss |   6.3 |   6.3 |   N/A |   N/A |  18.1 | 3835.0
               +-------+-------+-------+-------+-------+----------------------
